 Dungeon Crawl Stone Soup version 0.32-a0-876-gcfddb08e57 (webtiles) character file.

Game seed: 16370516073656339405

14204 Fractals the Warrior (level 11, 0/114 (115) HPs)
             Began as a Mountain Dwarf Berserker on Mar 31, 2024.
             Was an Elder of Trog.
             Slain by an elephant (2 damage)
             ... on level 1 of the Lair of Beasts.
             The game lasted 00:31:32 (14843 turns).

Fractals the Warrior (Mountain Dwarf Berserker)    Turns: 14843, Time: 00:31:32

HP:   0/114 (115)   AC: 16    Str: 25    XL:     11   Next: 85%
MP:   20/20         EV:  8    Int: 11    God:    Trog [****..]
Gold: 644           SH:  5    Dex: 11    Spells: 10/10 levels left

rFire   . . .        w - +0 war axe (spect)
rCold   . . .        (no shield)
rNeg    . . .        n - +0 plate armour
rPois   +            B - +2 hat
rElec   +            (no cloak)
rCorr   .            o - +0 pair of gloves
SInv    +            C - +0 pair of boots
Will    +....        g - amulet of reflection Stlth
                     v - ring of Tootil {Fly rPois MP+9 Str+2}
HPRegen 0.39/turn    c - ring "Earthly Heaven" {rElec rPois Int+4 SInv}
MPRegen 0.17/turn

%: reflection
@: brilliant, silenced, flying, hasted, lightly drained, very quick
A: runic magic, artefact enchanting
a: Renounce Religion


You were on level 1 of the Lair of Beasts.
You worshipped Trog.
Trog was greatly pleased with you.
You visited 2 branches of the dungeon, and saw 12 of its levels.

You collected 644 gold pieces.

Inventory:

Hand Weapons
 j - a +2 flail of holy wrath
 w - a +0 spectral war axe (weapon)
 A - a +3 flail
Missiles
 k - 12 javelins (quivered)
 r - a throwing net
Armour
 n - a +0 plate armour (worn)
 o - a +0 pair of gloves (worn)
 B - a +2 hat (worn)
 C - a +0 pair of boots (worn)
Jewellery
 a - a ring of flight
 c - the ring "Earthly Heaven" (right hand) {rElec rPois Int+4 SInv}
   (You acquired it on level 7 of the Dungeon)

   [ring of see invisible]

   Int+4:     It affects your intelligence (+4).
   rElec:     It insulates you from electricity.
   rPois:     It protects you from poison.
   SInv:      It lets you see invisible.
 g - an amulet of reflection (around neck)
 v - the ring of Tootil (left hand) {Fly rPois MP+9 Str+2}
   (You found it on level 1 of the Lair of Beasts)

   [ring of magical power]

   Str+2:     It affects your strength (+2).
   rPois:     It protects you from poison.
   MP+9:      It affects your magic capacity (+9).
   Fly:       It grants you flight.
Wands
 f - a wand of charming (21)
 u - a wand of iceblast (6)
 y - a wand of digging (8)
Scrolls
 p - a scroll of immolation
 t - a scroll of identify
Potions
 b - 2 potions of haste
 d - a potion of berserk rage {unknown}
 e - 4 potions of curing
 h - 2 potions of cancellation
 i - a potion of heal wounds {unknown}
 l - a potion of resistance {unknown}
 m - 2 potions of enlightenment
 q - a potion of brilliance
 s - 5 potions of lignification
 x - a potion of ambrosia {unknown}
 z - 4 potions of mutation {unknown}
 E - a potion of magic {unknown}
 G - a potion of might {unknown}


   Skills:
 + Level 16.5 Fighting
 - Level 7.0(7.1) Axes
 - Level 2.2(5.0) Maces & Flails
 - Level 5.0 Armour
 - Level 7.0 Dodging
 - Level 5.0 Evocations


You had 10 spell levels left.
You didn't know any spells.
Your spell library was empty.

Dungeon Overview and Level Annotations

Branches:
Dungeon (11/15)            Temple (0/1) D:7            Lair (1/5) D:11
    Orc (0/2) D:11

Altars:
Ashenzari
Dithmenos
Makhleb
Nemelex Xobeh
Sif Muna
Xom
Zin
The Shining One

Shops:
D:3 (   D:11 [((

Annotations:
Lair:1 exclusion: oklob plant


Innate Abilities, Weirdness & Mutations

Your spellcasting is much less encumbered by armour.
You can use scrolls of enchantment on lesser artefacts.


Message History

The skyshark is almost dead.
You hit the elephant.
The skyshark bites you but does no damage.
The skyshark tail-slaps you but does no damage.
The skyshark barely misses you. The elephant closely misses you.
The elephant trunk-slaps you but does no damage.
You slash the skyshark!
You kill the skyshark!
Trog accepts your kill.
You hit the elephant.
Your +0 spectral war axe hits the elephant.
Your +0 spectral war axe barely misses the water moccasin.
Your +0 spectral war axe hits the elephant but does no damage.
The water moccasin closely misses your +0 spectral war axe.
The elephant tramples your +0 spectral war axe!
Your spectral weapon shares its damage with you!
Your +0 spectral war axe holds its ground!
* * * LOW HITPOINT WARNING * * *
The elephant misses your +0 spectral war axe.
The elephant tramples you but does no damage.
The elephant trunk-slaps you but does no damage.
Training target 7.0 for Dodging reached!
Your Dodging skill increases to level 7!
Magic scrolls do not work when you're silenced!
Magic scrolls do not work when you're silenced!
It was a potion of haste.
You feel yourself speed up.
Your +0 spectral war axe disappears.
The elephant closely misses you. You block the elephant's attack.
You hit the elephant.
The elephant is lightly wounded.
You hit the elephant. You block the elephant's attack.
The elephant trunk-slaps you but does no damage.
The elephant closely misses you.
The elephant trunk-slaps you but does no damage.
You hit the elephant but do no damage.
The elephant is lightly wounded.
You hit the elephant. The elephant barely misses you.
The elephant trunk-slaps you but does no damage.
The elephant tramples you.
You die...

.? ......# . . .....# . ..
.....# .#.# .....
####.⌠.## ##... #@#.....#
... ##YY⌠.>.⌠# ### ####'##
#YY#.....# ####.. #...Y.#
#YS#....## ...... #.....#
####(Y##.+### P###..
#...YS###..#.#......##
##..
##....F.#)........⌠...##
#...
#......+.).###.........##
#...
##.....Y#####..÷..⌠..⌠..##
##..


You could see 6 elephants and a water moccasin.

Vanquished Creatures
  2 centaur warriors (D:11)
  2 two-headed ogres
  Amaemon (D:10)
  Nergalle (Lair:1)
  A skyshark (Lair:1)
  2 cyclopes
  A cane toad (Lair:1)
  An orange demon (D:11)
  An unseen horror (D:11)
  2 komodo dragons
  A hornet (D:8)
  2 shadows
  15 yaks
  A wraith (D:11)
  A wyvern (Lair:1)
  A basilisk (Lair:1)
  2 swamp worms (D:9)
  3 acid dragons
  Edmund (D:6)
  8 water moccasins
  3 orc warriors
  4 ice beasts
  A sky beast (D:7)
  A black bear (D:8)
  2 ogres (D:6)
  A centaur (D:7)
  2 phantoms
  A kobold brigand (D:8)
  Blork the orc (D:4)
  4 bullfrogs
  2 scorpions
  4 wights (D:6)
  9 killer bees (D:9)
  A howler monkey (D:11)
  An electric eel (D:9)
  A crimson imp (D:9)
  A jelly (D:7)
  2 hounds (D:4)
  4 orc priests
  3 gnoll boudas
  4 iguanas
  2 sleepcaps
  13 orc wizards
  19 gnolls
  4 adders
  2 ufetubi (D:6)
  A ribbon worm (D:2)
  5 dart slugs
  25 orcs
  12 ball pythons
  4 bats
  5 endoplasms
  3 giant cockroaches
  6 goblins
  4 hobgoblins
  3 jackals (D:5)
  13 kobolds
  4 quokkas
  3 training dummies (D:11)
  3 frilled lizards
  12 rats
244 creatures vanquished.

Vanquished Creatures (others)
  An orc wizard (D:7)
1 creature vanquished.

Grand Total: 245 creatures vanquished

Notes
Turn   | Place    | Note
-------+----------+-------------------------------------------
     0 | D:1      | Fractals the Mountain Dwarf Berserker began the quest for
                  | the Orb.
     0 | D:1      | Reached XP level 1. HP: 19/19 MP: 1/1
   101 | D:1      | Reached XP level 2. HP: 12/26 MP: 2/2
   568 | D:1      | Found a faded altar of an unknown god.
   718 | D:1      | Reached XP level 3. HP: 33/33 MP: 3/3
   957 | D:2      | Reached skill level 4 in Fighting
  1503 | D:2      | Reached ** piety under Trog
  1554 | D:2      | Reached XP level 4. HP: 30/41 MP: 4/4
  1997 | D:3      | Found Tad Kuoh's Antique Weapon Boutique.
  2877 | D:3      | Reached skill level 5 in Fighting
  2877 | D:3      | Reached XP level 5. HP: 27/48 MP: 5/5
  2980 | D:4      | Noticed Blork the orc
  2989 | D:4      | Killed Blork the orc
  3323 | D:4      | Reached XP level 6. HP: 56/57 MP: 6/6
  3340 | D:4      | Reached *** piety under Trog
  3341 | D:4      | Reached skill level 6 in Fighting
  3641 | D:5      | Entered Level 5 of the Dungeon
  3732 | D:5      | Found a broken altar of Ashenzari.
  3759 | D:5      | Noticed an ice beast
  3775 | D:5      | Killed an ice beast
  3776 | D:5      | Reached XP level 7. HP: 33/64 MP: 7/7
  3914 | D:5      | Found a sparkling altar of Nemelex Xobeh.
  4022 | D:5      | Reached skill level 7 in Fighting
  4134 | D:5      | Reached skill level 5 in Armour
  4550 | D:6      | Reached skill level 8 in Fighting
  4710 | D:6      | Found a glowing golden altar of the Shining One.
  4743 | D:6      | Reached XP level 8. HP: 71/77 MP: 8/8
  4843 | D:6      | Noticed Edmund
  4850 | D:6      | Killed Edmund
  4851 | D:6      | Reached skill level 9 in Fighting
  4888 | D:6      | Reached skill level 5 in Axes
  5344 | D:6      | Found a shimmering blue altar of Sif Muna.
  5429 | D:6      | Reached skill level 10 in Fighting
  5723 | D:6      | Identified the +5 whip of Nuch {antimagic, Will+}
  5985 | D:7      | Identified a scroll of acquirement
  5985 | D:7      | Acquired the ring "Earthly Heaven" {rElec rPois Int+4 SInv}
  6017 | D:7      | Found a shadowy altar of Dithmenos.
  6068 | D:7      | Reached skill level 1 in Evocations
  6528 | D:7      | Reached **** piety under Trog
  6572 | D:7      | Reached skill level 11 in Fighting
  6572 | D:7      | Reached XP level 9. HP: 65/89 MP: 9/9
  6898 | D:7      | Found a staircase to the Ecumenical Temple.
  7846 | D:8      | Reached skill level 5 in Evocations
  7962 | D:8      | Noticed a two-headed ogre
  7970 | D:8      | Killed a two-headed ogre
  7971 | D:8      | Reached skill level 12 in Fighting
  8734 | D:8      | Paralysed by a hornet for 1 turns
  8738 | D:8      | Reached XP level 10. HP: 84/100 MP: 10/10
  9142 | D:9      | Found a burning altar of Makhleb.
  9148 | D:9      | Found a shimmering altar of Xom.
  9866 | D:9      | Reached skill level 13 in Fighting
  9866 | D:9      | Reached skill level 5 in Dodging
 10060 | D:9      | Identified the +9 scimitar of Nuicefue {venom, rPois rCorr
                  | Str+4 SInv}
 10696 | D:10     | Entered Level 10 of the Dungeon
 11083 | D:10     | Noticed a cyclops
 11092 | D:10     | Killed a cyclops
 11171 | D:10     | Reached skill level 1 in Maces & Flails
 11387 | D:11     | Noticed Amaemon
 11387 | D:11     | Noticed an orange demon
 12051 | D:10     | Killed Amaemon
 12052 | D:10     | Reached skill level 14 in Fighting
 12169 | D:11     | Killed an orange demon
 12284 | D:11     | Found Inihigh's Armour Shoppe.
 12284 | D:11     | Found a staircase to the Orcish Mines.
 12287 | D:11     | Found Icsem's Weapon Shoppe.
 12292 | D:11     | Noticed a two-headed ogre
 12305 | D:11     | Killed a two-headed ogre
 12306 | D:11     | Reached XP level 11. HP: 26/111 MP: 11/11
 12539 | D:11     | Reached skill level 15 in Fighting
 12741 | D:11     | Noticed a centaur warrior
 12753 | D:11     | Killed a centaur warrior
 13160 | D:11     | Found a staircase to the Lair.
 13179 | D:11     | Found Beaqaeli's Firing Range.
 13234 | D:11     | Noticed a centaur warrior
 13245 | D:11     | Killed a centaur warrior
 13826 | Lair:1   | Entered Level 1 of the Lair of Beasts
 14502 | Lair:1   | Reached skill level 16 in Fighting
 14545 | Lair:1   | Identified the ring of Tootil {Fly rPois MP+9 Str+2}
 14631 | Lair:1   | Noticed Nergalle
 14643 | Lair:1   | Killed Nergalle
 14774 | Lair:1   | Found a glowing silver altar of Zin.
 14774 | Lair:1   | Noticed an oklob plant
 14809 | Lair:1   | Noticed a skyshark
 14837 | Lair:1   | HP: 4/108 [elephant (14)]
 14838 | Lair:1   | HP: 1/108 [elephant (3)]
 14840 | Lair:1   | Killed a skyshark
 14843 | Lair:1   | Slain by an elephant

Illustrated notes

Levels and vault maps discovered:
D:1:      dpeg_arrival_radiant, layout_loops_ring,
          shapermc_ecumenical_altar_starsandcircs, serial_glass,
          glass_columns_c, glass_columns_b, glass_columns_b, glass_columns_b,
          glass_columns_b, glass_columns_b, glass_columns_a, glass_columns_a,
          glass_columns_b, glass_columns_a, minmay_strange_pillars,
          item_on_display_a, feat_on_display, minmay_strange_pillars
D:2:      layout_basic, serial_forest, infiniplex_forest_lined_3,
          infiniplex_forest_clump_tiny, infiniplex_forest_clump_diagonal,
          infiniplex_forest_straight_2, infiniplex_forest_clump_long,
          infiniplex_forest_corner_2, infiniplex_forest_lined_room_3,
          infiniplex_forest_clump_diagonal, infiniplex_forest_zigzag_1,
          corexii_leaking_fountain, kennysheep_donut
D:3:      layout_rooms, serial_bayou, serial_bayou_pond_d, serial_bayou_pond_a,
          serial_bayou_shore_b, serial_bayou_shore_a, serial_shops, shop,
          corner_web_ring, hangedman_decor_points
D:4:      layout_rooms, uniq_blork_the_orc
D:5:      layout_rooms, nemelex_diamond_rough_becter, lemuel_crystal_altar,
          corexii_corridor_pit
D:6:      layout_basic, kennysheep_mini_moat, led_sif_book, uniq_edmund
D:7:      layout_basic, grunt_dithmenos_smoke_and_mirrors, temple_doors_ab
D:8:      layout_loops_ring
D:9:      hellmonk_ruined_rings, layout_basic,
          grunt_temple_overflow_champion_of_chaos, worms_lemuel
D:10:     layout_basic, amcnicky_altar_gilded, mainiacjoe_overflow_alcove_3
D:11:     layout_cave_pods, lair_entry_dummy, orc_david_3,
          kennysheep_minor_cross, nicolae_shop_firing_range, uniq_amaemon
Lair:1:   layout_roguey, lemuel_oklob_altar, grunt_megastairs_3, uniq_nergalle

Skill      XL: |  1  2  3  4  5  6  7  8  9 10 11 |
---------------+----------------------------------+-----
Axes           | 4 5 7 |  7.0
Dodging        | 2 3 4 5 7 |  7.0
Fighting       | 4 5 6 8 11 12 14 16 | 16.5
Armour         | 4 5 |  5.0
Evocations     | 3 5 |  5.0
Maces & Flails | 2 |  2.2

Action                     |  1- 3 |  4- 6 |  7- 9 | 10-12 || total
---------------------------+-------+-------+-------+-------++-------
  Melee: Hand axe          |   129 |    59 |       |       ||   188
         War axe           |       |   134 |   376 |   241 ||   751
         Flail             |       |       |       |    34 ||    34
         Scimitar          |       |       |       |    25 ||    25
  Throw: Javelin           |       |       |     2 |     1 ||     3
 Invoke: Berserk           |     1 |     3 |     7 |     6 ||    17
         Trog's Hand       |       |       |     1 |     2 ||     3
  Evoke: Wand              |       |       |     2 |     1 ||     3
    Use: Scroll            |       |     3 |     9 |     8 ||    20
         Potion            |       |       |       |     4 ||     4
   Stab: Sleeping          |     1 |       |       |       ||     1
         Distracted        |       |       |       |     4 ||     4
 Armour: Animal skin       |    68 |       |       |       ||    68
         Chain mail        |       |   163 |   327 |   290 ||   780
         Plate armour      |       |       |       |   202 ||   202
  Dodge: Dodged            |    77 |    61 |   166 |   206 ||   510
  Block: Other             |       |       |    31 |   111 ||   142
         Reflection        |       |       |     1 |     4 ||     5

Table legend: (Time is in decaauts)
 A = Elapsed time spent in this place.
 B = Non-inter-level travel time spent in this place.
 C = Inter-level travel time spent in this place.
 D = Time resting spent in this place.
 E = Time spent auto-exploring this place.
 F = Levels seen in this place.
 G = Mean time per level.
                   A        B        C        D        E       F      G
               +--------+--------+--------+--------+--------+-----+--------+
         Total |  15219 |  14830 |    389 |   5450 |   6547 |  12 | 1268.2 |
       Dungeon |  14226 |  13839 |    387 |   4971 |   6246 |  11 | 1293.3 |
          Lair |    993 |    991 |      2 |    479 |    301 |   1 |  993.0 |
               +--------+--------+--------+--------+--------+-----+--------+

Top non-repeatable levels by time:
     D:9: 2256 daAuts
    D:11: 1744 daAuts
     D:7: 1713 daAuts
     D:8: 1704 daAuts
     D:6: 1404 daAuts
     D:2: 1136 daAuts
  Lair:1: 993 daAuts
     D:3: 938 daAuts
     D:4: 903 daAuts
     D:1: 839 daAuts
     D:5: 834 daAuts
    D:10: 751 daAuts
